 Dungeon Crawl Stone Soup version 0.25-a0-96-g4073cf80fb (webtiles) character file.

Game seed: 3819864972149002046, levelgen mode: deterministic

23 vurker the Magician (level 2, -3/20 HPs)
             Began as a Mummy Fire Elementalist on Nov 11, 2019.
             Slain by a goblin (4 damage)
             ... on level 1 of the Dungeon.
             The game lasted 00:01:31 (997 turns).

vurker the Magician (Mummy Fire Elementalist)        Turns: 997, Time: 00:01:32

Health: -3/20      AC:  2    Str: 11    XL:     2   Next: 75%
Magic:  0/6        EV: 12    Int:  8    God:
Gold:   44         SH:  0    Dex: 12    Spells: 6/7 levels left

rFire    x . .     SeeInvis .   c - +0 dagger
rCold    + . .     Gourm    .   (no shield)
rNeg     + + +     Faith    .   a - +0 robe
rPois    ∞         Spirit   .   (no helmet)
rElec    .         Reflect  .   (no cloak)
rCorr    .         Harm     .   (no gloves)
MR       .....                  (no boots)
Stlth    ++........             (no amulet)
HPRegen  0.06/turn              b - -6 ring of intelligence (curse)
MPRegen  0.10/turn              e - ring of wizardry

@: very slightly contaminated
A: no food or potions, fire vulnerability, cold resistance 1, negative energy
resistance 3, torment resistance, unbreathing
a: no special abilities


You were on level 1 of the Dungeon.
You were not hungry.

You visited 1 branch of the dungeon, and saw 2 of its levels.

You collected 44 gold pieces.

Inventory:

Hand Weapons
 c - a +0 dagger (weapon)
   (You found it on level 1 of the Dungeon)
Armour
 a - a +0 robe (worn)
Jewellery
 b - a cursed -6 ring of intelligence (left hand)
   (You found it on level 1 of the Dungeon)
 e - a ring of wizardry (right hand)
   (You found it on level 1 of the Dungeon)


   Skills:
 + Level 0.4 Fighting
 - Level 1.5 Dodging
 - Level 1.5 Stealth
 * Level 3.3 Spellcasting
 * Level 1.2 Conjurations
 * Level 2.7 Fire Magic


You had 6 spell levels left.
You knew the following spells:

 Your Spells              Type           Power        Failure   Level  Hunger
a - Flame Tongue          Conj/Fire      #....        6%          1    N/A

Your spell library contained the following spells:

 Spells                   Type           Power        Failure   Level  Hunger
 Throw Flame              Conj/Fire      #.....       9%          2    N/A
 Conjure Flame            Conj/Fire      #.......     16%         3    N/A
 Inner Flame              Hex/Fire       #.......     21%         3    N/A
 Sticky Flame             Conj/Fire      #.......     45%         4    N/A
 Fireball                 Conj/Fire      #.........   80%         5    N/A

Dungeon Overview and Level Annotations

Branches:
Dungeon (2/15)

Altars:


Innate Abilities, Weirdness & Mutations

You do not eat or drink.
Your flesh is vulnerable to fire.
You are immune to poison.
Your flesh is cold resistant. (rC+)
You are immune to negative energy. (rN+++)
You are immune to unholy pain and torment.
You can survive without breathing.


Message History

A giant cockroach comes into view.
There is a stone staircase leading up here.
Aim: a giant cockroach The flame tongue hits the giant cockroach!
You kill the giant cockroach!
You can't see any susceptible monsters within range! (Use Z to cast anyway.)
You can't see any susceptible monsters within range! (Use Z to cast anyway.)
A hobgoblin comes into view.
The hobgoblin shouts!
You hear a shout!
A hobgoblin is nearby!
A goblin comes into view.
An adder comes into view.
Found a ruby potion.
The goblin shouts!
The adder hisses angrily.
Aim: a hobgoblin The flame tongue hits the hobgoblin.
Aim: a hobgoblin (moderately wounded)
The flame tongue misses the hobgoblin.
The hobgoblin hits you.
A rat comes into view.
Aim: a hobgoblin (moderately wounded)
The flame tongue hits the hobgoblin.
You kill the hobgoblin!
The adder bites you.
Aim: an adder The flame tongue hits the adder.
A hobgoblin comes into view.
The adder barely misses you.
An adder comes into view.
The adder barely misses you. The adder closely misses you.
The adder bites you but does no damage.
There is a stone staircase leading up here.
Aim: an adder (lightly wounded)
The flame tongue hits the adder!
The adder bites you but does no damage.
Aim: an adder (almost dead)
The flame tongue hits the adder.
The adder misses you. The adder bites you.
* * * LOW HITPOINT WARNING * * *
The goblin hits you.
* * * LOW HITPOINT WARNING * * *
The adder bites you.
* * * LOW HITPOINT WARNING * * *
The goblin barely misses you.
You climb upwards.
There is a stone staircase leading down here.
Aim: an adder (almost dead)
You miscast Flame Tongue.
You are very lightly contaminated with residual magic.
Your bandages stand on end.
The adder bites you.
* * * LOW HITPOINT WARNING * * *
The goblin hits you.
You die...

#.#..........)##.###...........#
..#........+......##...........##
####.......##..#..#######!.......
####.......###.#..### #......#.
..##.......# #....!.# #......#.
#.########## ##...#.#####.....###
#.# #...............# # #.##
#S........)....## # ...#
##@.##########'#### ...# ##g..###
##.... ...# #.....### ##.... ...#
##......####...<. ...#
#........##..... #'##
###......###..(. #.# #......#
###'# ..##################.....##
##.# ####.....#...............#
###...


You could see an adder and a goblin.

Vanquished Creatures
  A dart slug (D:1)
  2 leopard geckos (D:1)
  2 giant cockroaches
  3 goblins (D:1)
  4 hobgoblins
  3 bats (D:1)
  A frilled lizard (D:1)
  2 rats (D:1)
18 creatures vanquished.

Notes
Turn   | Place    | Note
-------+----------+-------------------------------------------
     0 | D:1      | vurker the Mummy Fire Elementalist began the quest for the
                  | Orb.
     0 | D:1      | Reached XP level 1. HP: 13/13 MP: 4/4
   287 | D:1      | Reached skill level 3 in Spellcasting
   287 | D:1      | Reached skill level 1 in Conjurations
   341 | D:1      | Reached XP level 2. HP: 19/19 MP: 4/6
   997 | D:1      | HP: 1/20 [adder (1)]
   997 | D:1      | Slain by a goblin

Levels and vault maps discovered:
D:1:      onia_arrival_pentagram, layout_basic, minmay_pentomino_u2
D:2:      layout_rooms, cheibriados_altar_1, chequers_serial_rivers_small_3,
          amethyst_killhole

Skill      XL: |  1 |
---------------+----+-----
Spellcasting   | 3 |  3.3
Conjurations   | 1 |  1.2
Fighting       | |  0.4
Dodging        | |  1.5
Stealth        | |  1.5
Fire Magic     | |  2.7

Action                   || total
-------------------------++-------
Melee: Unarmed           ||     4
 Cast: Flame Tongue      ||    35
  Use: Scroll            ||     2
Armor: Robe              ||     8
Dodge: Dodged            ||    30

Table legend:
 A = Non-vault XP
 B = Vault XP
 C = Vault XP percentage of total XP
 D = Non-vault monster count
 E = Vault monster count
 F = Vault count percentage of total count
                 A         B        C        D         E       F
            +---------+---------+-------+---------+---------+-------
      Total |      33 |       1 |   2.9 |      17 |       1 |   5.6
            +---------+---------+-------+---------+---------+-------
        D:1 |      29 |       1 |   3.3 |      15 |       1 |   6.2
        D:2 |       4 |       0 |   0.0 |       2 |       0 |   0.0
            +---------+---------+-------+---------+---------+-------
